 Dungeon Crawl Stone Soup version 0.27.0-1-g7a089689b8 (webtiles) character file.

Game seed: 7788679066340400381

196 DrabberRogue the Insei (level 6, -4/39 (43) HPs)
             Began as a Human Transmuter on Aug 14, 2021.
             Slain by a wight (14 damage)
             ... on level 4 of the Dungeon.
             The game lasted 00:19:05 (3769 turns).

DrabberRogue the Insei (Human Transmuter)           Turns: 3769, Time: 00:19:06

HP:   -4/39 (43)    AC:  3    Str: 11    XL:     6   Next: 4%
MP:   8/9           EV: 12    Int: 15    God:
Gold: 118           SH:  0    Dex: 13    Spells: 6/9 levels left

rFire    . . .     SeeInvis .     - Unarmed
rCold    . . .     Faith    .   (no shield)
rNeg     . . .     Spirit   .   a - +0 robe
rPois    +         Reflect  .   (helmet currently unavailable)
rElec    .         Harm     .   (no cloak)
rCorr    .         Rampage  .   m - +0 pair of gloves
Will     .....                  (boots currently unavailable)
Stlth    +.........             (no amulet)
HPRegen  0.13/turn              g - ring of poison resistance
MPRegen  0.11/turn              (no ring)

@: appendages (expiring), drained
A: horns 2, talons 2
a: End Transformation


You were on level 4 of the Dungeon.
You had temporarily grown beastly horns and talons.
You visited 1 branch of the dungeon, and saw 5 of its levels.

You collected 118 gold pieces.

Inventory:

Hand Weapons
 n - a +0 dagger of speed
 q - a +0 dagger of venom
Armour
 a - a +0 robe (worn)
 l - a +0 leather armour of positive energy
 m - a +0 pair of gloves (worn)
Magical Staves
 c - a staff of air
Jewellery
 g - a ring of poison resistance (left hand)
Wands
 d - a wand of polymorph (10)
Scrolls
 e - a scroll of noise {unknown}
 h - 2 scrolls of fear {unknown}
 o - a scroll of teleportation {unknown}
 p - a scroll of identify
 r - 2 scrolls of amnesia
Potions
 b - 4 potions of curing
 f - a potion of haste {unknown}
 i - 2 potions of heal wounds {unknown}
 j - a potion of degeneration {unknown}
 k - 2 potions of magic
 s - a potion of brilliance {unknown}


   Skills:
 - Level 1.0 Fighting
 - Level 2.0 Dodging
 - Level 5.0 Unarmed Combat
 - Level 2.0 Spellcasting
 + Level 4.2 Transmutations


You had 6 spell levels left.
You knew the following spells:

 Your Spells              Type           Power      Damage    Failure   Level
a - Beastly Appendage     Tmut           28%        N/A       4%          1
b - Wereblood             Tmut           14%        N/A       6%          2

Your spell library contained the following spells:

 Spells                   Type           Power      Damage    Failure   Level
 Spider Form              Tmut/Pois      3%         N/A       28%         3
 Sublimation of Blood     Necr           0%         N/A       32%         2
 Call Canine Familiar     Summ           1%         N/A       54%         3
 Portal Projectile        Hex/Tloc       2%         N/A       54%         3
 Ice Form                 Ice/Tmut       7%         N/A       67%         4
 Leda's Liquefaction      Hex/Erth       0%         N/A       91%         4
 Summon Hydra             Summ           0%         N/A       100%        7


Dungeon Overview and Level Annotations

Branches:
Dungeon (5/15)
 Temple: D:4-7

Altars:
Ashenzari


Innate Abilities, Weirdness & Mutations

You have temporarily grown beastly horns and talons.


Message History

There is a stone staircase leading up here.
You climb upwards.
Found a scroll of identify.
There is a stone staircase leading down here.
p - a scroll of identify
Found 16 stones.
You pick up a book of the Hunter and begin reading...
You add the spells Call Canine Familiar, Portal Projectile and Leda's Liquefaction to your library.
Okay, then.
You open the door.
There is an open door here.
Found a broken altar of Ashenzari.
A wight comes into view.
It is wielding a +3 trident and wearing a +2 robe of cold resistance.
You see here 16 stones.
You open the door.
Found a mace and a twisted granite ring.
There is an open door here.
A kobold comes into view. It is wielding a +0 dagger.
The kobold shouts!
Casting: Beastly Appendage (safe; 4% risk of failure)
Confirm with . or Enter, or press ? or * to list all spells.
You grow a pair of large bovine horns.
Your feet morph into talons.
The kobold hits you with a +0 dagger.
The wight hits you from afar with a +3 trident!
You feel drained.
You barely miss the kobold. Your kick misses the kobold.
The kobold closely misses you.
The wight hits you from afar with a +3 trident!
You feel drained.
* * * LOW HITPOINT WARNING * * *
You miss the kobold. You headbutt the kobold.
The kobold is heavily wounded.
Your transformation is almost over.
You are too injured to fight recklessly!
Okay, then.
You closely miss the kobold. Your kick misses the kobold.
The kobold is heavily wounded.
The kobold hits you but does no damage.
The wight hits you from afar with a +3 trident!
You die...

#..)...######
#......'.z..######
#......####.##...##
#........#.......'.
#=#+##.#....##...##
#.#.........##...##
#.####.#....##...##
#K####.#....##...##
#.@.z..#........(.z
########...#######.
........# #.
.#####..## #.
........># #.
..####...# ## #...#
# .....# # ####..#


You could see a wight and a kobold.

Vanquished Creatures
  A gnoll (D:2)
  4 adders
  A shadow imp (D:5)
  4 worms (D:2)
  3 endoplasms
  2 giant cockroaches (D:1)
  6 goblins
  6 hobgoblins
  13 jackals
  3 quokkas
  5 ball pythons
  6 bats
  9 frilled lizards
  3 kobolds (D:2)
  6 rats
72 creatures vanquished.

Vanquished Creatures (collateral kills)
  A water moccasin (D:5)
  A shadow imp (D:5)
  A dart slug (D:5)
3 creatures vanquished.

Vanquished Creatures (others)
  4 fungi (D:1)
4 creatures vanquished.

Grand Total: 79 creatures vanquished

Notes
Turn   | Place    | Note
-------+----------+-------------------------------------------
     0 | D:1      | DrabberRogue the Human Transmuter began the quest for the
                  | Orb.
     0 | D:1      | Reached XP level 1. HP: 15/15 MP: 3/3
    60 | D:1      | Reached XP level 2. HP: 11/21 MP: 3/5
   733 | D:1      | Reached skill level 4 in Unarmed Combat
   733 | D:1      | Reached XP level 3. HP: 26/26 MP: 4/6
  1242 | D:1      | Learned a level 2 spell: Wereblood
  1688 | D:2      | Reached XP level 4. HP: 32/32 MP: 4/7
  1860 | D:2      | Reached skill level 5 in Unarmed Combat
  2600 | D:2      | Found a faded altar of an unknown god.
  2889 | D:2      | Reached XP level 5. HP: 37/37 MP: 5/8
  3481 | D:3      | You fall into a shaft and drop 2 floors!
  3481 | D:5      | Entered Level 5 of the Dungeon
  3510 | D:5      | Noticed a water moccasin
  3520 | D:5      | Killed a water moccasin
  3526 | D:5      | Reached XP level 6. HP: 43/43 MP: 7/9
  3730 | D:4      | Found a broken altar of Ashenzari.
  3769 | D:4      | Slain by a wight

Illustrated notes

Levels and vault maps discovered:
D:1:      scummos_arrival_checkerplants, layout_basic, serial_park_tiny_pond,
          minivault_5
D:2:      minmay_razor_zed, layout_loops_ring, basic_ecumenical_altar
D:3:      layout_rooms, gammafunk_temple_overflow_statue, serial_bayou_crossing
D:4:      layout_basic, trog_three_pillars_becter, amcnicky_altar_gilded,
          serial_shops, shop, glass_columns_c, chequers_serial_rivers_small_a
D:5:      layout_loops_ring, chequers_serial_rivers_micro_c

Skill      XL: |  1  2  3  4  5 |
---------------+----------------+-----
Unarmed Combat | 4 5 |  5.0
Transmutations | 4 |  4.2
Fighting       | |  1.0
Dodging        | |  2.0
Spellcasting   | |  2.0

Action                   |  1- 3 |  4- 6 || total
-------------------------+-------+-------++-------
Melee: Unarmed           |    89 |   110 ||   199
       Headbutt          |    10 |    11 ||    21
       Kick              |    15 |    18 ||    33
 Cast: Beastly Appendage |    24 |    21 ||    45
       Wereblood         |     2 |     5 ||     7
  Use: Potion            |     1 |       ||     1
       Scroll            |       |     3 ||     3
Armor: Robe              |    10 |    23 ||    33
Dodge: Dodged            |    44 |    61 ||   105
